 Dungeon Crawl Stone Soup version 0.32-a0-893-gf85d74f360 (webtiles) character file.

Game seed: 15626751307887932067

427 pokedragonboy the Conjurer (level 6, 28/28 HPs)
             Began as a Felid Conjurer on Apr 3, 2024.
             Quit the game on level 3 of the Dungeon.
             The game lasted 00:09:39 (4442 turns).

pokedragonboy the Conjurer (Felid Conjurer)         Turns: 4442, Time: 00:09:40

Health: 28/28      AC:  2    Str:  3    XL:     6   Next: 65%
Magic:  22/22      EV: 16    Int: 24    God:
Gold:   174        SH:  0    Dex: 14    Spells: 6/13 levels left
                                        Lives:  1   Deaths: 1

rFire   x . .        (weapon unavailable)
rCold   + . .        (shield unavailable)
rNeg    . . .        (body armour unavailable)
rPois   .            (helmet unavailable)
rElec   .            (cloak unavailable)
rCorr   .            (gloves unavailable)
SInv    +            (boots unavailable)
Will    .....        (no amulet)
Stlth   ++++         i - ring "Sisa" {rF- rC+ MP+9 Stlth+}
HPRegen 0.24/turn    (no ring)
MPRegen 0.18/turn

%: no passive effects
@: no status effects
A: very small, claws 1, fangs 3, see invisible, shaggy fur 2, stealthy paws, no
weapons or thrown items, no armour, multi-lived
a: no special abilities


You were on level 3 of the Dungeon.
You visited 1 branch of the dungeon, and saw 3 of its levels.

You collected 174 gold pieces.

Inventory:

Jewellery
 i - the ring "Sisa" (left paw) {rF- rC+ MP+9 Stlth+}
   (You found it on level 2 of the Dungeon)

   [ring of magical power]

   rF-:       It makes you vulnerable to fire.
   rC+:       It protects you from cold.
   MP+9:      It affects your magic capacity (+9).
   Stlth+:    It makes you more stealthy.
Talismans
 l - a talisman of death
Wands
 k - a wand of flame (9)
Scrolls
 b - a scroll of blinking {unknown}
 c - a scroll of teleportation {unknown}
 e - a scroll of immolation {unknown}
 f - 2 scrolls of fog
 g - a scroll of vulnerability {unknown}
 m - a scroll of brand weapon {unknown}
Potions
 a - a potion of magic
 d - 4 potions of curing
 h - a potion of might
 j - a potion of invisibility


   Skills:
 - Level 2.6 Dodging
 + Level 5.1 Stealth
 * Level 4.4 Spellcasting
 * Level 5.4 Conjurations


You had 6 spell levels left.
You knew the following spells:

 Your Spells              Type           Power      Damage    Failure   Level
a - Magic Dart            Conj           100%       1d8       1%          1
b - Searing Ray           Conj           62%        2d6       1%          2
c - Fulminant Prism       Conj/Alch      9%         3d7       30%         4

Your spell library contained the following spells:

 Spells                   Type           Power      Damage    Failure   Level
 Iskenderun's Mystic Bla Conj/Tloc 18%            2d6        (+2d2     30%         4


Dungeon Overview and Level Annotations

Branches:
Dungeon (3/15)

Altars:
Trog


Innate Abilities, Weirdness & Mutations

You have sharp claws.
You have razor-sharp teeth.
You have supernaturally acute eyesight. (SInv)
You are covered in thick fur. (AC +2)
Your paws help you pounce on unaware monsters.
You are incapable of wielding weapons or throwing items.
You cannot wear armour.
You gain extra lives every three experience levels.


Message History

Aim: an orc, wielding a +0 short sword (severely wounded, 79% to hit)
The searing ray hits the orc.
You kill the orc! (Press . to maintain the ray.)
You see here an adder skeleton.
There is a stone staircase leading up, spattered with blood here.
You see here the +0 plate armour of the Equinox {Will+ Regen+}.
Natasha, Servant of Life and Death comes into view.
Casting: Searing Ray (safe; 1% risk of failure)
Confirm with . or Enter, or press ? or * to list all spells.
Aiming: Magic Dart (safe; 1% risk of failure)
Press: ? - help, Shift-Dir - straight line, f - Natasha
Aim: Natasha (wandering, hasn't noticed you, 100% to hit)
Okay, then.
Casting: Magic Dart (safe; 1% risk of failure)
Confirm with . or Enter, or press ? or * to list all spells.
Aiming: Searing Ray (safe; 1% risk of failure)
Press: ? - help, Shift-Dir - straight line, f - Natasha
Aim: Natasha (wandering, hasn't noticed you, 74% to hit)
The searing ray hits Natasha!
Natasha is severely wounded.
Natasha hisses angrily. (Press . to maintain the ray.) Natasha wildly gestures.
Natasha shimmers violently.
The searing ray hits Natasha!
You kill Natasha!
You feel Natasha's spirit has finally been put to rest.
You see here the felid corpse of Natasha.
m - a scroll labelled PIMNEDGH ROXTOR You see here the felid corpse of Natasha.
You see here the felid corpse of Natasha.
Done exploring.
Done exploring.
Okay, then.
Saving game... please wait.
Welcome back, pokedragonboy the Felid Conjurer.
Press ? for a list of commands and other information.
Done exploring.
Are you sure you want to abandon this character and quit the game? (Confirm with "yes".)

#########
#....†...
#...##### #...#
#...#
##########...#
#@.......#...#
##.########...#
#..# #...# #.##
#...# #.# #...#
#.# #...#####
#.# #...#....
#.# #...#####
#.# #...#


There were no monsters in sight!

Vanquished Creatures
  A scorpion (D:3)
  2 orc priests
  A bombardier beetle (D:3)
  Ijyb (D:3)
  Natasha (thrice) (D:3)
  Terence (D:3)
  An iguana (D:3)
  An orc wizard (D:3)
  2 adders (D:3)
  3 dart slugs
  A ribbon worm (D:3)
  9 orcs
  3 bats
  5 endoplasms
  4 giant cockroaches
  6 goblins
  4 hobgoblins
  3 quokkas
  5 ball pythons
  10 frilled lizards
  5 kobolds
  6 rats
77 creatures vanquished.

Notes
Turn   | Place    | Note
-------+----------+-------------------------------------------
     0 | D:1      | pokedragonboy the Felid Conjurer began the quest for the
                  | Orb.
     0 | D:1      | Reached XP level 1. HP: 9/9 MP: 4/4
   285 | D:1      | Reached XP level 2. HP: 13/13 MP: 0/6
  1074 | D:1      | Learned a level 2 spell: Searing Ray
  1205 | D:1      | Reached XP level 3. HP: 16/16 MP: 3/7
  1859 | D:2      | Identified the ring "Sisa" {rF- rC+ MP+9 Stlth+}
  2593 | D:2      | Slain by an orc priest
  2593 | D:2      | Lost a life (0 lives remaining)
  2630 | D:2      | Reached XP level 4. HP: 21/21 MP: 9/9
  2630 | D:2      | Gained a life (1 life remaining)
  2677 | D:3      | Noticed Ijyb
  2772 | D:3      | Noticed a scorpion
  2777 | D:3      | Learned a level 4 spell: Fulminant Prism
  2850 | D:3      | Killed Ijyb
  2851 | D:3      | Reached XP level 5. HP: 10/24 MP: 2/11
  3018 | D:3      | Found a bloodstained altar of Trog.
  3338 | D:3      | Reached skill level 5 in Conjurations
  3376 | D:3      | Gained mutation: You are covered in thick fur. (AC +2)
                  | [Felid growth]
  3376 | D:3      | Reached XP level 6. HP: 28/28 MP: 13/13
  3439 | D:3      | Noticed Natasha
  3479 | D:3      | Killed Natasha
  3511 | D:3      | Noticed Natasha
  3524 | D:3      | Killed Natasha
  3597 | D:3      | Noticed Terence
  4069 | D:3      | Killed Terence
  4073 | D:3      | Reached skill level 5 in Stealth
  4297 | D:3      | Identified the +0 plate armour of the Equinox {Will+
                  | Regen+}
  4318 | D:3      | Noticed Natasha
  4321 | D:3      | Killed Natasha
  4442 | D:3      | Quit the game

Illustrated notes

Levels and vault maps discovered:
D:1:      minmay_arrival_hallway, layout_basic
D:2:      layout_basic, minmay_tetromino_o2
D:3:      layout_rooms, trog_butcher_becter, serial_co_window_serial,
          co_window_corner_a, co_window_paths_b, co_window_cross_1,
          co_window_corner_a, co_window_paths_a, co_window_cross_4,
          co_window_of_opportunity_b, co_window_of_opportunity_c,
          co_window_of_opportunity_b, co_window_broadway_c,
          co_window_unsneaky_path_c, co_window_4corner_a, co_window_paths_d,
          glass_columns_a, glass_columns_a, glass_columns_b, glass_columns_b,
          uniq_terence, uniq_natasha, uniq_ijyb

Skill      XL: |  1  2  3  4  5  6 |
---------------+-------------------+-----
Stealth        | 3 4 5 |  5.1
Conjurations   | 4 5 |  5.4
Spellcasting   | 3 4 |  4.4
Dodging        | |  2.6

Action                     |  1- 3 |  4- 6 || total
---------------------------+-------+-------++-------
  Melee: Unarmed           |    11 |     4 ||    15
         Bite              |     1 |       ||     1
   Cast: Magic Dart        |    81 |    34 ||   115
         Searing Ray       |     1 |    24 ||    25
    Use: Scroll            |       |     5 ||     5
   Stab: Sleeping          |       |     2 ||     2
 Armour: Skin              |     6 |     9 ||    15
  Dodge: Dodged            |    12 |    13 ||    25

Table legend: (Time is in decaauts)
 A = Elapsed time spent in this place.
 B = Non-inter-level travel time spent in this place.
 C = Inter-level travel time spent in this place.
 D = Time resting spent in this place.
 E = Time spent auto-exploring this place.
 F = Levels seen in this place.
 G = Mean time per level.
                   A        B        C        D        E       F      G
               +--------+--------+--------+--------+--------+-----+--------+
         Total |   4443 |   4216 |    227 |    161 |   3643 |   3 | 1481.0 |
       Dungeon |   4443 |   4216 |    227 |    161 |   3643 |   3 | 1481.0 |
               +--------+--------+--------+--------+--------+-----+--------+

Top non-repeatable levels by time:
     D:3: 1647 daAuts
     D:1: 1547 daAuts
     D:2: 1249 daAuts
